 Seeded DCSS version 0.29.1-1-gd02db6906a (webtiles) character file.

Game seed: 7648899361455074779 (custom seed)

45 Sanktem7 the Trooper (level 3, -1/34 HPs)
             Began as a Minotaur Fighter on Oct 2, 2022.
             Slain by a worm (8 damage)
             ... on level 2 of the Dungeon.
             The game lasted 00:01:59 (920 turns).

Sanktem7 the Trooper (Minotaur Fighter)              Turns: 920, Time: 00:01:59

Health: -1/34      AC:  6    Str: 22    XL:     3   Next: 42%
Magic:  2/2        EV:  9    Int:  5    God:
Gold:   66         SH:  5    Dex: 15    Spells: 2/2 levels left

rFire   . . .      SeeInvis .   a - +0 flail {mace}
rCold   . . .      Faith    .   c - +0 buckler
rNeg    . . .      Spirit   .   b - +0 scale mail
rPois   .          Reflect  .   (helmet restricted)
rElec   .          Harm     .   (no cloak)
rCorr   .          Rampage  .   (no gloves)
Will    .....                   (no boots)
Stlth   ..........              i - amulet of the acrobat
HPRegen 0.11/turn               f - +6 ring of dexterity
MPRegen 0.08/turn               (no ring)

@: no status effects
A: horns 2, retaliatory headbutt
a: no special abilities


You were on level 2 of the Dungeon.
You visited 1 branch of the dungeon, and saw 2 of its levels.

You collected 66 gold pieces.


Innate Abilities, Weirdness & Mutations

You have a pair of horns on your head.
You reflexively headbutt those who attack you in melee.


   Skills:
 * Level 4.6 Fighting
 * Level 3.7 Maces & Flails
 - Level 3.6 Armour
 - Level 3.6 Shields


You had 2 spell levels left.
You didn't know any spells.
Your spell library was empty.

Inventory:

Hand Weapons
 a - a +0 flail (weapon) {mace}
Missiles
 g - 20 stones (quivered) {throwing}
Armour
 b - a +0 scale mail (worn)
 c - a +0 buckler (worn)
Jewellery
 f - a +6 ring of dexterity (left hand)
   (You found it on level 1 of the Dungeon)
 i - an amulet of the acrobat (around neck)
   (You found it on level 1 of the Dungeon)
Scrolls
 e - a scroll of blinking {unknown}
 h - 2 scrolls of poison {unknown}
 k - a scroll of vulnerability {unknown}
Potions
 d - a potion of might
 j - a potion of curing {unknown}
 l - a potion of lignification {unknown}

Dungeon Overview and Level Annotations

Branches:
Dungeon (2/15) Zot: 11059

Altars:

#.#.P......†)......#.#
#.#....†...#.#####.#.#
#.####.#.#P.....#.#
#.#.#
#........#....P.#.#
#.#.#
...........##'.P##.#
#.#.#
.########.......J..#
#.#.## ####.##..#####
#.#... ..##..##...##
#.#.#. .......##@##
#.#... ........w)#
#.##.# )......†###
#<##.#
.......##########
#.##.# .......
........#####.##.#
..>....
...........)..##.#
.......
#######.########.#
....... #.# #.#
..##..# #.# #.#


You could see a worm and an endoplasm.


Message History

The endoplasm freezes you.
You are frozen. 😕 HP[-4]
You take 4 damage, and now have 30/34 hp.
You completely miss the endoplasm. The jackal barely misses you.
You furiously retaliate!
You headbutt the jackal, but do no damage.
You block the hobgoblin's attack. The endoplasm barely misses you.
The jackal bites you but does no damage.
You closely miss the kobold.
The giant cockroach waves its antennae.
The jackal bites you but does no damage.
The hobgoblin hits you. The kobold hits you but does no damage.
The endoplasm hits you but does no damage. 😕 HP[-2]
You take 2 damage, and now have 28/34 hp.
You barely miss the kobold. The jackal closely misses you.
You furiously retaliate!
You headbutt the jackal, but do no damage.
You block the hobgoblin's attack. The endoplasm freezes you.
You are frozen.
The kobold hits you with a +0 whip.
The jackal bites you but does no damage. 😮 HP[-5]
You take 5 damage, and now have 23/34 hp.
You are too injured to fight recklessly!
You are too injured to fight recklessly!
You are too injured to fight recklessly!
You are too injured to fight recklessly!
You are too injured to fight recklessly!
You are too injured to fight recklessly!
You are too injured to fight recklessly!
You are too injured to fight recklessly!
You are too injured to fight recklessly!
You are too injured to fight recklessly!
You are too injured to fight recklessly!
You are too injured to fight recklessly!
You are too injured to fight recklessly!
You are too injured to fight recklessly!
You are too injured to fight recklessly!
You are too injured to fight recklessly!
The kobold attacks as you move away! You block the kobold's attack.
The jackal misses you. The jackal completely misses you.
Unknown command.
You block the hobgoblin's attack. 😮 HP[+1]
You closely miss the hobgoblin. Your headbutt misses the hobgoblin.
The hobgoblin closely misses you. The hobgoblin hits you. 😮 HP[-2]
You take 2 damage, and now have 22/34 hp.
You thump the hobgoblin!
You kill the hobgoblin!
The jackal bites you but does no damage.
You hit the jackal. The jackal barely misses you. You furiously retaliate!
You headbutt the jackal!
You kill the jackal!
The kobold throws a stone.
The stone hits you. 😮 HP[-2]
You take 2 damage, and now have 20/34 hp.
You sock the endoplasm!
You kill the endoplasm!
You miss the kobold.
The kobold hits you with a +0 short sword of freezing.
The kobold freezes you.
* * * LOW HITPOINT WARNING * * *
The kobold barely misses you. 😨 HP[-3]
You take 3 damage, and now have 17/34 hp.
You miss the kobold. Your headbutt misses the kobold.
The kobold closely misses you. You furiously retaliate!
You headbutt the kobold.
You kill the kobold!
You hit the giant cockroach but do no damage.
The giant cockroach bites you but does no damage. 😮 HP[+1]
You sock the giant cockroach!
You kill the giant cockroach!
You miss the goblin. The goblin closely misses you.
The goblin hits you but does no damage.
You sock the goblin!
You kill the goblin!
The goblin hits you with a +0 quarterstaff.
* * * LOW HITPOINT WARNING * * *
😨 HP[-4]
You take 4 damage, and now have 14/34 hp.
You completely miss the goblin. You headbutt the goblin.
You kill the goblin!
The kobold hits you but does no damage.
You thump the kobold!
You kill the kobold!
You hit the worm but do no damage. You headbutt the worm. The worm bites you!
* * * LOW HITPOINT WARNING * * *
😱 HP[-8]
You take 8 damage, and now have 6/34 hp.
MASSIVE DAMAGE!! (PAUSE)
You hit the worm.
An endoplasm comes into view.
The endoplasm quivers.
You hit the worm. The worm bites you!
You die...

Skill      XL: |  1  2 |
---------------+-------+-----
Fighting       | 4 |  4.6
Maces & Flails | 3 |  3.7
Armour         | |  3.6
Shields        | |  3.6

Action                   || total
-------------------------++-------
Melee: Flail             ||    72
       Headbutt          ||     9
Armor: Scale mail        ||    31
Dodge: Dodged            ||    35
Block: Buckler           ||    16

Levels and vault maps discovered:
D:1:      psy_arrival_basics, layout_rooms
D:2:      cheibrodos_old_hovel, layout_loops_ring, st_stairs_5,
          uniq_crazy_yiuf_cottage

Notes
Turn   | Place    | Note
-------+----------+-------------------------------------------
     0 | D:1      | Sanktem7 the Minotaur Fighter began the quest for the Orb.
     0 | D:1      | Reached XP level 1. HP: 19/19 MP: 0/0
     0 | D:1      | magus.rc [v1.9.6]
    71 | D:1      | Reached skill level 4 in Fighting
    71 | D:1      | Reached XP level 2. HP: 16/27 MP: 1/1
   193 | D:1      | Reached skill level 3 in Maces & Flails
   783 | D:2      | Reached XP level 3. HP: 31/34 MP: 2/2
   918 | D:2      | HP: 6/34 [worm (8)]
   920 | D:2      | Slain by a worm

Vanquished Creatures
  3 dart slugs (D:1)
  4 bats
  5 endoplasms
  3 giant cockroaches
  4 goblins (D:2)
  4 hobgoblins (D:2)
  A jackal (D:2)
  A quokka (D:1)
  2 ball pythons (D:1)
  A frilled lizard (D:1)
  3 kobolds
  3 rats
34 creatures vanquished.

Vanquished Creatures (others)
  2 plants (D:2)
2 creatures vanquished.

Grand Total: 36 creatures vanquished

Table legend:
 A = Non-vault XP
 B = Vault XP
 C = Vault XP percentage of total XP
 D = Non-vault monster count
 E = Vault monster count
 F = Vault count percentage of total count
                 A         B        C        D         E       F
            +---------+---------+-------+---------+---------+-------
      Total |      57 |       8 |  12.3 |      30 |       4 |  11.8
            +---------+---------+-------+---------+---------+-------
        D:1 |      33 |       0 |   0.0 |      17 |       0 |   0.0
        D:2 |      24 |       8 |  25.0 |      13 |       4 |  23.5
            +---------+---------+-------+---------+---------+-------

Illustrated notes

Table legend:
 A = Kills in this place as a percentage of kills in entire the game.
 B = Kills by you in this place as a percentage of kills by you in the entire game.
 C = Kills by friends in this place as a percentage of kills by friends in the entire game.
 D = Other kills in this place as a percentage of other kills in the entire game.
 E = Experience gained in this place as a percentage of experience gained in the entire game.
 F = Experience gained in this place divided by the number of levels of this place that you have seen.
                   A       B       C       D       E      F
               +-------+-------+-------+-------+-------+----------------------
         Total | 100.0 | 100.0 |   N/A |   N/A | 100.0 |  32.5
       Dungeon | 100.0 | 100.0 |   N/A |   N/A | 100.0 |  32.5
               +-------+-------+-------+-------+-------+----------------------

Table legend: (Time is in decaauts)
 A = Elapsed time spent in this place.
 B = Non-inter-level travel time spent in this place.
 C = Inter-level travel time spent in this place.
 D = Time resting spent in this place.
 E = Time spent auto-exploring this place.
 F = Levels seen in this place.
 G = Mean time per level.
                   A        B        C        D        E       F      G
               +--------+--------+--------+--------+--------+-----+--------+
         Total |    939 |    904 |     35 |      0 |    726 |   2 |  469.5 |
       Dungeon |    939 |    904 |     35 |      0 |    726 |   2 |  469.5 |
               +--------+--------+--------+--------+--------+-----+--------+

Top non-repeatable levels by time:
     D:1: 680 daAuts
     D:2: 258 daAuts
